 Dungeon Crawl Stone Soup version 0.18-a0-1468-gaf180a1 (webtiles) character file.

26815 Duffy the Grappler (level 13, -7/117 HPs)
             Began as a Naga Transmuter on Mar 2, 2016.
             Was the Champion of Cheibriados.
             Mangled by a catoblepas (14 damage)
             ... on level 6 of the Lair of Beasts.
             The game lasted 00:31:47 (19837 turns).

Duffy the Grappler (Naga Transmuter)               Turns: 19837, Time: 00:31:47

Health: -7/117     AC: 15    Str: 31    XL:     13   Next: 28%
Magic:  29/29      EV:  1    Int: 29    God:    Cheibriados [******]
Gold:   1123       SH:  0    Dex: 28    Spells: 3 memorised, 12 levels left

rFire  + . .     SeeInvis +       - Unarmed
rCold  + . .     Gourm    .     N - +2 ring mail {rC+}
rNeg   + + +     Faith    .     (shield currently unavailable)
rPois  ∞         Spirit   .     s - +0 helmet
rElec  .         Dismiss  .     v - +1 cloak
rCorr  .         Reflect  .     (gloves currently unavailable)
SustAt .         Harm     .     V - +0 naga barding
MR     +....                    i - amulet of magic regeneration
Stlth  ++........               Q - ring of magical power
                                R - ring of protection from fire

@: blade hands, petrified, very slow, somewhat resistant to hostile
enchantments, unstealthy
A: see invisible, deformed body, poison resistance, slowness 2, slow metabolism
1, spit poison 2, constrict 1, AC +4
a: Spit Poison, End Transformation, Bend Time, Temporal Distortion, Slouch, Step
From Time, Renounce Religion


You were on level 6 of the Lair of Beasts.
You worshipped Cheibriados.
Cheibriados was exalted by your worship.
You were not hungry.
You had blades for hands.
You visited 4 branches of the dungeon, and saw 18 of its levels.

You collected 1123 gold pieces.


Innate Abilities, Weirdness & Mutations

You cannot wear boots.
Your serpentine skin is tough (AC +4).
You have supernaturally acute eyesight.
Armour fits poorly on your strangely shaped body.
Your system is resistant to poisons.
You cover ground very slowly.
You have a slow metabolism.
You can spit poison.
You can use your snake-like lower body to constrict enemies.


   Skills:
 - Level 8.0 Fighting
 - Level 7.0 Dodging
 + Level 12.7 Unarmed Combat
 - Level 5.0 Spellcasting
 - Level 9.8 Transmutations
 - Level 2.2 Poison Magic
 + Level 10.4 Invocations


You had 12 spell levels left.
You knew the following spells:

 Your Spells              Type           Power        Failure   Level  Hunger
j - Blade Hands           Trmt           ######....   32%         5    #####..
l - Spider Form           Trmt/Pois      #####.....   24%         3    #......
s - Sticks to Snakes      Trmt           ######..     10%         2    None

Inventory:

Hand Weapons
 a - a +2 blowgun
Missiles
 k - 2 throwing nets (quivered)
 E - 68 poisoned needles
 J - 226 arrows
Armour
 s - a +0 helmet (worn)
 v - a +1 cloak (worn)
 K - a +0 pair of gloves of dexterity
 N - a +2 ring mail of cold resistance (worn)
 V - a +0 naga barding (worn)
Jewellery
 f - an uncursed ring of fire
 i - an amulet of magic regeneration (around neck)
 t - a +2 ring of intelligence
 H - the ring of the Hidden Spirits {+Fly rF+ rC++ MP-9}

   [ring of protection from fire]

   It protects you from fire.
   It greatly protects you from cold.
   It affects your magic capacity (-9).
   It lets you fly.
 Q - a ring of magical power (right scythe-like blade)
 R - a ring of protection from fire (left scythe-like blade)
Wands
 y - a wand of polymorph (9/24)
 F - a wand of confusion (16/48)
 I - a wand of flame (16/48)
Scrolls
 g - a scroll of recharging {unknown}
 h - 11 scrolls of remove curse
 j - 6 scrolls of amnesia
 m - 2 scrolls of magic mapping
 p - 4 scrolls of enchant armour
 q - 6 scrolls of teleportation
 r - a scroll of fear {unknown}
 z - 3 scrolls of enchant weapon
 G - a scroll of immolation
 U - a scroll of blinking
Potions
 b - a potion of degeneration {unknown}
 e - 3 potions of ambrosia
 o - 4 potions of agility
 u - a potion of flight {unknown}
 w - 2 potions of heal wounds
 A - 2 potions of might
 O - a potion of invisibility {unknown}
 P - a potion of magic
Books
 c - a book of Changes
 x - a book of Maledictions
 B - a Necronomicon
 C - a book of Summonings
 D - a book of Annihilations
 L - a book of Necromancy
 W - a book of Party Tricks
Comestibles
 d - 13 bread rations
 l - 8 meat rations
 n - 13 fruits
 M - 2 slices of pizza
 S - 2 chunks of flesh
 T - 2 beef jerkies
 X - a royal jelly

Dungeon Overview and Level Annotations

Branches:
Dungeon (11/15)            Temple (1/1) D:7            Lair (4/8) D:11
  Swamp (0/4) Lair:3        Slime (0/6) Lair:6          Orc (1/2) D:10
  Snake: Lair:3-6    Spider: Lair:3-6

Altars:
Ashenzari
Cheibriados
Dithmenos
Elyvilon
Fedhas
Gozag
Kikubaaqudgha
Makhleb
Nemelex Xobeh
Okawaru
Pakellas
Qazlal
Ru
Sif Muna
Trog
Vehumet
Xom
Yredelemnul
Zin
The Shining One

Shops:
D:8 }


Message History

The catoblepas bellows!
The catoblepas breathes a plume of calcifying dust at you.
The blast of calcifying dust hits you!
The catoblepas breathes a plume of calcifying dust at you.
The blast of calcifying dust hits the plant.
The blast of calcifying dust hits you!
The catoblepas smashes its foot into the ground.
You shred the catoblepas!!!
The catoblepas is severely wounded.
You hit the catoblepas but do no damage.
The catoblepas is severely wounded.
The plant is engulfed in calcifying dust.
The catoblepas gores you!
You hit the catoblepas but do no damage.
The catoblepas is severely wounded.
The catoblepas breathes a plume of calcifying dust at you.
The blast of calcifying dust hits you!
You hit the catoblepas but do no damage.
You slash the catoblepas.
The catoblepas is almost dead.
You are engulfed in calcifying dust.
You are slowing down.
The catoblepas gores you!!
You slash the catoblepas!
The catoblepas is almost dead.
You are engulfed in calcifying dust.
Your limbs have turned to stone.
The catoblepas barely misses you.
You have turned to stone.
You are engulfed in calcifying dust.
The plant is no longer petrified.
The catoblepas gores you!
You are engulfed in calcifying dust.
The catoblepas gores you!
You are engulfed in calcifying dust.
The catoblepas gores you but does no damage.
You are engulfed in calcifying dust.
The catoblepas gores you! The catoblepas gores you!!
You die...

*,,,,,,***,.......,##**,,_,,**
*,,,,,,**.........#.##,*,,,,**
,,,,,***,...........P#****,*,*
*,,,,,***............,* ***** *
*,,,,,*,**7.........,** ### **
*,,,,**,***7..P.P.P77777#.## *,
*,,,*,,,*7.7......P...77.#.# **
*,,,,,,,,7...P.PYP..P77P...#### *
*,,,,,,,,...PP..@..P....P.....#*#
*,,,,,,,,......~~~P.....P....###.
,,,,,,,,*7...~~~~~~..........#...
*,,,,,***....~~~~~~...P..........
*,,,,,* *77.P.~~~.P.........##...
,,,,,,***P...P..0..P.P......#...#
,,,,,,,,,.P.P.P....77........>.8#
,,,,,,,,,.....P.77..77..........#
,,,,,,,,,,,,,...77*777...%..##..#


You could see a catoblepas.

Action                   |  1- 3 |  4- 6 |  7- 9 | 10-12 | 13-15 || total
-------------------------+-------+-------+-------+-------+-------++-------
Melee: Unarmed           |    55 |   127 |   237 |   705 |    37 ||  1161
 Cast: Spider Form       |       |    16 |    30 |    24 |       ||    70
       Blade Hands       |       |       |       |    12 |     4 ||    16
Invok: Temporal Distorti |       |       |     1 |     2 |       ||     3
       Slouch            |       |       |       |     6 |     2 ||     8
 Abil: Spit Poison       |    31 |    22 |     3 |     1 |       ||    57
  Use: Scroll            |     2 |     6 |     5 |     8 |     1 ||    22
       Potion            |       |       |     1 |       |     2 ||     3
 Stab: Sleeping          |       |     2 |     1 |       |       ||     3
       Distracted        |       |       |       |     1 |       ||     1
  Eat: Chunk             |     2 |     8 |    14 |    24 |     2 ||    50
       Fruit             |       |       |     2 |     3 |       ||     5
       Meat ration       |       |       |     1 |       |       ||     1
       Royal jelly       |       |       |       |     2 |       ||     2

Notes
Turn   | Place    | Note
--------------------------------------------------------------
     0 | D:1      | Duffy the Naga Transmuter began the quest for the Orb.
     0 | D:1      | Reached XP level 1. HP: 18/18 MP: 3/3
   101 | D:1      | Reached XP level 2. HP: 25/25 MP: 5/5
   105 | D:1      | Learned a level 2 spell: Sticks to Snakes
   133 | D:1      | Found a snail-covered altar of Cheibriados.
   246 | D:1      | Became a worshipper of Cheibriados the Contemplative
   689 | D:1      | Reached * piety under Cheibriados
   689 | D:1      | Reached XP level 3. HP: 27/31 MP: 6/6
   754 | D:1      | Learned a level 3 spell: Spider Form
   867 | D:2      | Found a white marble altar of Elyvilon.
   913 | D:2      | Found a shadowy altar of Dithmenos.
   923 | D:2      | Reached skill level 3 in Transmutations
  1145 | D:2      | Reached skill level 1 in Poison Magic
  1384 | D:2      | Reached ** piety under Cheibriados
  1384 | D:2      | Reached XP level 4. HP: 20/38 MP: 7/7
  1606 | D:2      | Reached skill level 4 in Unarmed Combat
  1658 | D:2      | Reached skill level 2 in Poison Magic
  1659 | D:2      | Found an iron altar of Okawaru.
  2037 | D:2      | Reached XP level 5. HP: 25/44 MP: 8/8
  2610 | D:2      | Reached skill level 5 in Unarmed Combat
  2870 | D:3      | Found a stormy altar of Qazlal.
  2871 | D:3      | Found a blossoming altar of Fedhas.
  2871 | D:3      | Found an iron altar of Okawaru.
  2872 | D:3      | Reached *** piety under Cheibriados
  3867 | D:4      | Reached skill level 1 in Invocations
  3867 | D:4      | Reached XP level 6. HP: 51/51 MP: 6/9
  4143 | D:5      | Entered Level 5 of the Dungeon
  4327 | D:5      | Reached skill level 2 in Invocations
  4355 | D:5      | Reached skill level 6 in Unarmed Combat
  4419 | D:5      | Noticed a phantom
  4470 | D:5      | Killed a phantom
  4470 | D:5      | Reached skill level 3 in Invocations
  4760 | D:5      | Found an ancient bone altar of Kikubaaqudgha.
  4828 | D:5      | Found a radiant altar of Vehumet.
  4833 | D:5      | Reached XP level 7. HP: 53/57 MP: 6/10
  5232 | D:5      | Reached **** piety under Cheibriados
  5232 | D:5      | Reached skill level 4 in Invocations
  5594 | D:6      | Reached skill level 7 in Unarmed Combat
  6018 | D:6      | Noticed a hungry ghost
  6028 | D:6      | Killed a hungry ghost
  6028 | D:6      | Reached skill level 5 in Invocations
  6028 | D:6      | Reached XP level 8. HP: 55/64 MP: 10/12
  6481 | D:6      | Noticed a six-headed hydra
  6486 | D:6      | Killed a six-headed hydra
  6486 | D:6      | Reached skill level 9 in Unarmed Combat
  6486 | D:6      | Reached skill level 7 in Invocations
  6486 | D:6      | Reached XP level 9. HP: 70/70 MP: 12/14
  6879 | D:7      | Reached skill level 8 in Invocations
  7130 | D:7      | Reached ***** piety under Cheibriados
  7200 | D:7      | Reached skill level 2 in Dodging
  7562 | D:7      | Found a staircase to the Ecumenical Temple.
  7584 | Temple   | Entered the Ecumenical Temple
  7749 | D:8      | Got a faintly glowing marble ring
  7754 | D:8      | Identified the ring of the Hidden Spirits {+Fly rF+ rC++ MP-9} (You found it on level 8 of the Dungeon)
  7796 | D:8      | Reached skill level 2 in Fighting
  8108 | D:8      | Reached skill level 3 in Fighting
  8108 | D:8      | Reached skill level 3 in Dodging
  8319 | D:8      | Reached skill level 10 in Unarmed Combat
  8537 | D:8      | Reached XP level 10. HP: 61/85 MP: 16/16
  8542 | D:8      | Reached skill level 4 in Fighting
  8876 | D:8      | Found Sackib's Gadget Shoppe.
  8916 | D:8      | Reached skill level 4 in Dodging
  9337 | D:9      | Reached skill level 5 in Fighting
 10173 | D:9      | Reached skill level 5 in Dodging
 10191 | D:9      | Reached skill level 6 in Fighting
 10207 | D:9      | Reached skill level 11 in Unarmed Combat
 10528 | D:9      | Found an opulent altar of Gozag.
 10846 | D:10     | Entered Level 10 of the Dungeon
 10942 | D:10     | Noticed a hill giant
 10958 | D:10     | Killed a hill giant
 10958 | D:10     | Reached XP level 11. HP: 94/99 MP: 14/17
 10999 | D:10     | Found a staircase to the Orcish Mines.
 11056 | D:10     | Found a sacrificial altar of Ru.
 11169 | D:10     | Reached skill level 6 in Dodging
 11541 | Orc:1    | Entered Level 1 of the Orcish Mines
 11581 | Orc:1    | Reached skill level 7 in Fighting
 11822 | Orc:1    | Noticed a stone giant
 11836 | Orc:1    | Killed a stone giant
 12360 | Orc:1    | Noticed a cyclops
 12371 | Orc:1    | Killed a cyclops
 12827 | D:11     | Found a staircase to the Lair.
 12957 | D:11     | Noticed an unseen horror
 12971 | D:11     | Killed an unseen horror
 12971 | D:11     | Reached skill level 8 in Fighting
 13109 | D:10     | Reached skill level 7 in Dodging
 13109 | D:10     | Reached skill level 12 in Unarmed Combat
 13328 | D:11     | Reached ****** piety under Cheibriados
 14323 | Lair:1   | Entered Level 1 of the Lair of Beasts
 14468 | Lair:1   | Reached skill level 9 in Invocations
 15088 | Lair:1   | You fall through a shaft!
 15108 | Lair:2   | Reached skill level 4 in Transmutations
 15108 | Lair:2   | Reached XP level 12. HP: 96/110 MP: 18/18
 15163 | Lair:2   | Learned a level 5 spell: Blade Hands
 15516 | Lair:2   | Reached skill level 3 in Spellcasting
 15562 | Lair:2   | Reached skill level 5 in Transmutations
 16702 | Lair:1   | Reached skill level 6 in Transmutations
 16898 | Lair:2   | Reached skill level 4 in Spellcasting
 17183 | Lair:2   | Reached skill level 7 in Transmutations
 18061 | Lair:3   | Noticed a seven-headed hydra
 18070 | Lair:3   | Killed an 11-headed hydra
 18070 | Lair:3   | Reached skill level 8 in Transmutations
 18192 | Lair:3   | Reached skill level 5 in Spellcasting
 18694 | Lair:3   | Found a staircase to the Swamp.
 18967 | Lair:3   | Noticed a five-headed hydra
 18971 | Lair:3   | Killed an eight-headed hydra
 18971 | Lair:3   | Reached skill level 9 in Transmutations
 19182 | Lair:3   | Noticed Fannar
 19186 | Lair:3   | Killed Fannar
 19403 | Lair:4   | Gained mutation: You can use your snake-like lower body to constrict enemies. [Naga growth]
 19403 | Lair:4   | Reached XP level 13. HP: 106/117 MP: 20/20
 19446 | Lair:4   | Got a shimmering shield
 19452 | Lair:4   | Identified the +2 shield of Xom's Righteous Fury {MR- Str+5 SInv} (You found it on level 4 of the Lair of Beasts)
 19743 | Lair:4   | You fall through a shaft for 2 floors!
 19746 | Lair:6   | Noticed Rupert
 19754 | Lair:6   | Killed Rupert
 19754 | Lair:6   | Reached skill level 10 in Invocations
 19837 | Lair:6   | Mangled by a catoblepas

Vault maps used:
D:1:      minmay_arrival_five_plusses, cheibriados_altar_1
D:2:      grunt_dithmenos_smoke, nicolae_overflow_hidden_temple, first_bread,
          okawaru_altar_gauntlet_db
D:3:      grunt_temple_overflow_open, minmay_misc_feat_enclosed
D:4:      mrwooster_statue_mirror
D:5:      lemuel_doored_altar, vehumet_crystals, serial_park_tiny_1,
          minmay_misc_feat_rows
D:7:      minmay_temple_entry_nine_rooms
D:8:      special_room, serial_shops, nicolae_shop_crystal,
          nicolae_two_hexagons, the_bakery
D:9:      overflow_temple_1_default
D:10:     orc_0_dummy, hangedman_ru_absence
D:11:     lair_0_dummy
Temple:   circular_temple_12
Lair:1:   lemuel_fruit_tree
Lair:3:   minmay_swamp_entry_worms, eino_small_chamber_without_monster,
          uniq_fannar
Lair:4:   nicolae_spider_entry_non_spiders, special_room
Lair:6:   slime_altar_1, lab_entry_generic, nicolae_lair_yak_garden,
          grunt_megastairs_5, uniq_rupert
Orc:1:    portal_ice_cave_entry_animals_and_master

Vanquished Creatures
  Rupert
  A stone giant
  3 hydras Fannar
  A death yak
  An unseen horror
  A hill giant
  A cyclops
  7 spiny frogs
  3 komodo dragons
  A rime drake
  3 trolls
  11 blink frogs
  A giant leech
  15 yaks
  A spriggan
  2 basilisks
  A steam dragon
  5 hungry ghosts
  3 hippogriffs
  A warg
  9 water moccasins
  6 porcupines
  3 orc warriors
  5 ice beasts
  3 black bears
  2 phantoms
  3 wasps
  An eye of draining
  5 ogres
  2 centaurs
  10 crocodiles
  8 big kobolds
  A gnoll sergeant
  12 giant frogs
  A wyvern skeleton
  5 killer bees
  19 wights
  6 howler monkeys
  5 crimson imps
  A centaur zombie
  5 hounds
  4 giant frog skeletons
  3 orc priests
  2 jellies
  A centaur skeleton
  4 iguanas
  12 orc wizards
  9 worker ants
  11 sheep
  A hound zombie
  A howler monkey zombie
  21 gnolls
  42 river rats
  7 adders
  2 shadow imps
  An ooze
  An adder zombie
  2 worms
  2 dart slugs
  6 giant geckos
  20 orcs
  9 bats
  2 giant cockroaches
  5 goblins
  6 hobgoblins
  18 jackals
  22 kobolds
  5 quokkas
  A ball python
  A giant cockroach zombie
  2 giant gecko skeletons
  4 giant newts
  A jackal skeleton
  7 rats
  5 fungi
  4 plants
420 creatures vanquished.
